 Dungeon Crawl Stone Soup version 0.32-a0-981-g384da2ce10 (webtiles) character file.

Game seed: 11876711302298885115

30 KennySheep the Magician (level 3, 0/19 HPs)
             Began as a Deep Elf Hedge Wizard on Apr 21, 2024.
             Slain by an orc wizard
             ... wielding a +2 dagger of venom
              (6 damage)
             ... on level 3 of the Dungeon.
             The game lasted 00:05:44 (1604 turns).

KennySheep the Magician (Deep Elf Hedge Wizard)     Turns: 1604, Time: 00:05:45

Health: 0/19       AC:  3    Str:  7    XL:     3   Next: 5%
Magic:  4/11       EV: 12    Int: 20    God:
Gold:   123        SH:  0    Dex: 14    Spells: 7/12 levels left

rFire   + . .        a - +0 dagger
rCold   + . .        (no shield)
rNeg    . . .        b - +0 robe
rPois   +            c - +0 hat
rElec   +            (no cloak)
rCorr   +            f - +0 pair of gloves
SInv    .            (no boots)
Will    .....        (no amulet)
Stlth   +            (no ring)
HPRegen 0.23/turn    (no ring)
MPRegen 0.12/turn

%: no passive effects
@: confused, lethally poisoned (0 -> -3), resistant, very slightly contaminated
A: no striking features
a: no special abilities


You were on level 3 of the Dungeon.
You visited 1 branch of the dungeon, and saw 3 of its levels.

You collected 123 gold pieces.

Inventory:

Hand Weapons
 a - a +0 dagger (weapon)
Armour
 b - a +0 robe (worn)
 c - a +0 hat (worn)
 f - a +0 pair of gloves (worn)
Scrolls
 e - a scroll of teleportation {unknown}
 g - a scroll of acquirement {unknown}


   Skills:
 + Level 3.0 Dodging
 + Level 3.1 Stealth
 * Level 5.2 Spellcasting
 - Level 1.1 Conjurations
 - Level 1.1 Summonings
 - Level 1.1 Translocations


You had 7 spell levels left.
You knew the following spells:

 Your Spells              Type           Power      Damage    Failure   Level
a - Magic Dart            Conj           36%        1d4       7%          1
b - Blink                 Tloc           18%        N/A       11%         2
c - Call Imp              Summ           18%        N/A       11%         2

Your spell library contained the following spells:

 Spells                   Type           Power      Damage    Failure   Level
 Slow                     Hex            20%        N/A       12%         1
 Cigotuvi's Dreadful Rot  Necr/Alch/Air  10%        N/A       17%         2
 Mephitic Cloud           Conj/Alch/Air  6%         N/A       28%         3


Dungeon Overview and Level Annotations

Branches:
Dungeon (3/15)

Altars:


Message History

You are very lightly contaminated with residual magic.
Nothing appears to happen.
Your cerulean imp hits the orc with a -4 spear.
The orc dies!
You hear some strange, mumbled words.
Something tries to affect you, but you resist.
Aiming: Magic Dart (safe; 7% risk of failure)
Press: ? - help, Q - select action, (/) - cycle Shift-Dir - straight line, f - you
Okay, then.
You have nothing you can fire or use right now.
Casting: Magic Dart (safe; 7% risk of failure)
Confirm with . or Enter, or press ? or * to list all spells.
Aiming: Magic Dart (safe; 7% risk of failure)
Press: ? - help, Shift-Dir - straight line The magic dart hits something but does no damage.
Your cerulean imp barely misses something.
Something hits you.
You are poisoned.
Casting: Magic Dart (safe; 7% risk of failure)
Confirm with . or Enter, or press ? or * to list all spells.
Aiming: Magic Dart (safe; 7% risk of failure)
Press: ? - help, Shift-Dir - straight line The magic dart hits something.
You feel sick.
Your cerulean imp barely misses something.
You hear some strange, mumbled words.
You are confused.
You're too confused to cast spells.
Unknown command.
You are too confused!
Unknown command.
It was a potion of resistance.
You feel protected.
You feel sick.
Your cerulean imp barely misses something.
You hear some strange, mumbled words.
You are more confused.
You feel sick. Something hits you.
Okay, then.
You feel sick. Something hits you.
You die...

#........###
#............
#..<.........
#.)......####
###...####
#...#
###).###
#..)5..#
#...{@?#
#......#
#....$.#
########


You could see a friendly cerulean imp (summoned).

Vanquished Creatures
  An orc (D:3)
  4 ball pythons (D:1)
  3 endoplasms (D:1)
  6 goblins (D:1)
  A hobgoblin (D:2)
  A quokka (D:1)
  4 bats (D:1)
  A frilled lizard (D:1)
  A kobold (D:1)
22 creatures vanquished.

Vanquished Creatures (collateral kills)
  2 orcs (D:3)
2 creatures vanquished.

Grand Total: 24 creatures vanquished

Notes
Turn   | Place    | Note
-------+----------+-------------------------------------------
     0 | D:1      | KennySheep the Deep Elf Hedge Wizard began the quest for
                  | the Orb.
     0 | D:1      | Reached XP level 1. HP: 10/10 MP: 7/7
     6 | D:1      | Noticed a polar bear
     6 | D:1      | Noticed a lindwurm
     7 | D:1      | Noticed a snapping turtle
     7 | D:1      | Noticed a boulder beetle
   484 | D:1      | Reached XP level 2. HP: 15/15 MP: 4/9
   487 | D:1      | Learned a level 2 spell: Blink
   490 | D:1      | Learned a level 2 spell: Call Imp
   766 | D:1      | Reached skill level 5 in Spellcasting
  1596 | D:3      | Reached XP level 3. HP: 16/19 MP: 7/11
  1604 | D:3      | Slain by an orc wizard

Illustrated notes

Levels and vault maps discovered:
D:1:      onia_arrival_zoo_common, layout_loops_cross, serial_forest,
          infiniplex_forest_fountain, infiniplex_forest_end_3,
          infiniplex_forest_end_double, infiniplex_forest_lined_4_way,
          infiniplex_forest_clump_large, infiniplex_forest_clump_small,
          grunt_decor_cap, nrook_mini_vaults
D:2:      layout_basic, minmay_quantized
D:3:      layout_rooms, dk_yredelemnul_ordeal,
          dreamdust_ecumenical_altar_angels_and_demons, palyth_stone_intersect,
          minmay_misc_feat_pillars

Skill      XL: |  1  2 |
---------------+-------+-----
Spellcasting   | 5 |  5.2
Stealth        | 3 |  3.1
Dodging        | 3 |  3.0
Conjurations   | |  1.1
Summonings     | |  1.1
Translocations | |  1.1

Action                     || total
---------------------------++-------
  Melee: Dagger            ||     2
   Cast: Magic Dart        ||    79
         Call Imp          ||     1
    Use: Potion            ||     2
 Armour: Robe              ||    14
  Dodge: Dodged            ||     8

Table legend: (Time is in decaauts)
 A = Elapsed time spent in this place.
 B = Non-inter-level travel time spent in this place.
 C = Inter-level travel time spent in this place.
 D = Time resting spent in this place.
 E = Time spent auto-exploring this place.
 F = Levels seen in this place.
 G = Mean time per level.
                   A        B        C        D        E       F      G
               +--------+--------+--------+--------+--------+-----+--------+
         Total |   1604 |   1586 |     18 |     72 |   1278 |   3 |  534.7 |
       Dungeon |   1604 |   1586 |     18 |     72 |   1278 |   3 |  534.7 |
               +--------+--------+--------+--------+--------+-----+--------+

Top non-repeatable levels by time:
     D:1: 1405 daAuts
     D:2: 104 daAuts
     D:3: 93 daAuts
